 Dungeon Crawl Stone Soup version 0.32-a0-913-g739538afd8 (webtiles) character file.

Game seed: 4423445106912859135

176 Autsider the Chiller (level 5, -5/44 HPs)
             Began as a Draconian Ice Elementalist on Apr 8, 2024.
             Slain by Duvessa
             ... wielding a +4 short sword of venom
              (13 damage)
             ... on level 4 of the Dungeon.
             The game lasted 00:09:55 (3441 turns).

Autsider the Chiller (Draconian Ice Elementalist)   Turns: 3441, Time: 00:09:55

Health: -5/44      AC:  5    Str: 10    XL:     5   Next: 30%
Magic:  7/8        EV: 11    Int: 17    God:
Gold:   197        SH:  0    Dex: 12    Spells: 2/9 levels left

rFire   . . .        (no weapon)
rCold   . . .        (no shield)
rNeg    . . .        (body armour unavailable)
rPois   .            (helmet restricted)
rElec   .            (no cloak)
rCorr   .            (no gloves)
SInv    .            (no boots)
Will    .....        (no amulet)
Stlth   ++           (no ring)
HPRegen 0.27/turn    (no ring)
MPRegen 0.11/turn

%: no passive effects
@: lethally poisoned (-5 -> -17), about to teleport
A: AC +5, unfitting armour, cold-blooded
a: no special abilities


You were on level 4 of the Dungeon.
You visited 1 branch of the dungeon, and saw 5 of its levels.

You collected 197 gold pieces.

Inventory:

Armour
 n - a +1 cloak
Scrolls
 g - a scroll of blinking {unknown}
 h - 2 scrolls of identify
 i - a scroll of fear
 k - a scroll of noise {unknown}
 m - a scroll of silence {unknown}
Potions
 a - 3 potions of magic
 c - a potion of curing {unknown}
 d - a potion of degeneration {unknown}
 f - 2 potions of lignification {unknown}
 j - a potion of might {unknown}
 l - 2 potions of ambrosia {unknown}


   Skills:
 + Level 2.9 Fighting
 - Level 2.0 Dodging
 - Level 2.0 Stealth
 + Level 2.6 Spellcasting
 + Level 5.4 Ice Magic


You had 2 spell levels left.
You knew the following spells:

 Your Spells              Type           Power      Damage    Failure   Level
a - Freeze                Ice            80%        1d9       1%          1
b - Frozen Ramparts       Ice            40%        1d7       6%          3
c - Ozocubu's Armour      Ice            20%        N/A       6%          3

Your spell library contained the following spells:

 Spells                   Type           Power      Damage    Failure   Level
 Apportation              Tloc           4%         N/A       19%         1
 Magic Dart               Conj           8%         1d3       19%         1
 Blink                    Tloc           4%         N/A       28%         2
 Call Imp                 Summ           4%         N/A       28%         2
 Jinxbite                 Hex            4%         N/A       28%         2
 Static Discharge         Conj/Air       4%         3-4/arc   28%         2
 Summon Ice Beast         Ice/Summ       11%        N/A       19%         3
 Airstrike                Air            1%         2d(1-17)  88%         4
 Summon Lightning Spire   Summ/Air       2%         N/A       88%         4
 Alistair's Intoxication  Alch           1%         N/A       99%         5


Dungeon Overview and Level Annotations

Branches:
Dungeon (5/15)
 Temple: D:4-7

Altars:
Nemelex Xobeh
Wu Jian

Shops:
D:1 (

Annotations:
D:4 Dowan, Duvessa


Innate Abilities, Weirdness & Mutations

Your plain brown scales are hard. (AC +5)
You cannot fit into any form of body armour.
You are cold-blooded and may be slowed by cold attacks.


Message History

You climb upwards.
Level annotation: Dowan, Duvessa The scorpion zombie barely misses you.
Duvessa hits you with a +4 short sword of venom.
You are poisoned.
The scorpion zombie misses you.
There is a stone staircase leading down, spattered with blood here.
As you read the scroll labelled COZUAW DUAWALA, it crumbles to dust.
It is a scroll of identify.
i - 2 scrolls of fear You feel sick.
Dowan points at you and mumbles some strange words.
You resist with some effort.
Duvessa hits you with a +4 short sword of venom.
You are more poisoned.
The scorpion zombie closely misses you.
As you read the scroll of fear, it crumbles to dust.
You assume a fearsome visage.
The scorpion zombie is unaffected.
Duvessa resists with almost no effort.
Dowan looks frightened!
You feel sick.
Dowan gestures wildly while chanting.
Dowan blinks!
Duvessa hits you with a +4 short sword of venom!
* * * LOW HITPOINT WARNING * * *
You are more poisoned.
The scorpion zombie hits you.
* * * LOW HITPOINT WARNING * * *
As you read the scroll labelled ZAULERYNTA, it crumbles to dust.
It is a scroll of enchant armour.
Your +0 cloak glows green for a moment.
* * * LOW HITPOINT WARNING * * *
You feel very sick.
Duvessa hits you with a +4 short sword of venom.
* * * LOW HITPOINT WARNING * * *
The scorpion zombie barely misses you.
As you read the scroll labelled YNYOBLY OBAOZAI, it crumbles to dust.
You feel strangely unstable.
It was a scroll of teleportation.
* * * LOW HITPOINT WARNING * * *
You feel very sick.
Duvessa hits you with a +4 short sword of venom!
You die...

♣.♣.Z......#...##...###..
♣♣.♣.......#.............. ♣
♣♣.♣..##...##..............
♣.♣.♣.#.##'####..............
♣..♣.♣................#########
♣...........ß.....ß....#
.....#...................# ....
#...................# ...
#.........e@........# ..
#..........Z........# .
#...................#
#######..ß.....ß.#.##
#..........#.# #...#####...)#
##### ######


You could see Duvessa and a scorpion zombie.

Vanquished Creatures
  2 sleepcaps (D:4)
  An orc wizard (D:4)
  2 adders
  A dart slug (D:2)
  A ribbon worm (D:2)
  7 orcs
  9 ball pythons
  5 endoplasms
  4 giant cockroaches
  4 goblins
  5 hobgoblins
  10 jackals
  A quokka (D:1)
  4 bats
  4 frilled lizards
  3 kobolds
  8 rats
71 creatures vanquished.

Notes
Turn   | Place    | Note
-------+----------+-------------------------------------------
     0 | D:1      | Autsider the Draconian Ice Elementalist began the quest for
                  | the Orb.
     0 | D:1      | Reached XP level 1. HP: 14/14 MP: 3/3
   226 | D:1      | Reached skill level 1 in Fighting
   270 | D:1      | Reached XP level 2. HP: 23/23 MP: 3/5
   350 | D:1      | Found Zyment's Antique Weapon Emporium.
   939 | D:1      | You fall into a shaft and drop 1 floor!
  1040 | D:2      | Reached XP level 3. HP: 29/29 MP: 1/6
  1913 | D:2      | Reached skill level 5 in Ice Magic
  2116 | D:3      | Found a sparkling altar of Nemelex Xobeh.
  2212 | D:3      | Reached XP level 4. HP: 36/36 MP: 2/7
  2522 | D:3      | Found a faded altar of an unknown god.
  2996 | D:4      | Found an ornate altar of the Wu Jian Council.
  3061 | D:4      | Learned a level 3 spell: Frozen Ramparts
  3065 | D:4      | Learned a level 3 spell: Ozocubu's Armour
  3134 | D:4      | Reached XP level 5. HP: 9/42 MP: 0/8
  3401 | D:4      | Noticed Dowan
  3401 | D:4      | Noticed Duvessa
  3406 | D:4      | Noticed a phantom
  3419 | D:5      | Entered Level 5 of the Dungeon
  3441 | D:4      | Slain by Duvessa

Illustrated notes

Levels and vault maps discovered:
D:1:      dpeg_arrival_chambers_temple_mockup, layout_loops_ring, serial_shops,
          shop
D:2:      layout_basic
D:3:      layout_basic, lemuel_crystal_altar,
          hellmonk_ecumenical_altar_inner_sanctum
D:4:      layout_gridville, lemuel_doored_altar,
          nicolae_yredelemnul_corpse_copse, marbit_many_paths, serial_shops,
          shop, minivault_19, st_stairs_1, uniq_duvessa
D:5:      layout_cave_pools, lemuel_round_altar, cheibriados_altar_2,
          uniq_pikel, uniq_grinder, uniq_menkaure

Skill      XL: |  1  2  3 |
---------------+----------+-----
Fighting       | 1 2 |  2.9
Ice Magic      | 5 |  5.4
Stealth        | 2 |  2.0
Dodging        | 2 |  2.0
Spellcasting   | |  2.6

Action                     |  1- 3 |  4- 6 || total
---------------------------+-------+-------++-------
  Melee: Unarmed           |    22 |    25 ||    47
         Tailslap          |     4 |     5 ||     9
         Punch             |       |     1 ||     1
   Cast: Freeze            |    81 |    34 ||   115
         Frozen Ramparts   |       |     5 ||     5
    Use: Scroll            |       |     4 ||     4
 Armour: Skin              |    32 |    41 ||    73
  Dodge: Dodged            |    40 |    37 ||    77

Table legend: (Time is in decaauts)
 A = Elapsed time spent in this place.
 B = Non-inter-level travel time spent in this place.
 C = Inter-level travel time spent in this place.
 D = Time resting spent in this place.
 E = Time spent auto-exploring this place.
 F = Levels seen in this place.
 G = Mean time per level.
                   A        B        C        D        E       F      G
               +--------+--------+--------+--------+--------+-----+--------+
         Total |   3443 |   3398 |     45 |    289 |   2489 |   5 |  688.6 |
       Dungeon |   3443 |   3398 |     45 |    289 |   2489 |   5 |  688.6 |
               +--------+--------+--------+--------+--------+-----+--------+

Top non-repeatable levels by time:
     D:2: 1148 daAuts
     D:1: 941 daAuts
     D:3: 771 daAuts
     D:4: 564 daAuts
     D:5: 17 daAuts
